 Dungeon Crawl Stone Soup version 0.26.0-45-g9c1d065592 (webtiles) character file.

Game seed: 3157941152375492060

(classic levelgen) 2858 thiole the Shield-Bearer (level 9, 0/58 HPs)
             Began as an Octopode Hedge Wizard on Jan 31, 2021.
             Was an Initiate of Gozag.
             Slain by a troll (14 damage)
             ... on level 9 of the Dungeon.
             The game lasted 00:28:20 (9648 turns).

thiole the Shield-Bearer (Octopode Hedge Wizard)    Turns: 9648, Time: 00:28:21

Health: 0/58       AC:  1    Str: 10    XL:     9   Next: 75%
Magic:  0/15       EV: 14    Int: 19    God:    Gozag
Gold:   945        SH:  5    Dex: 11    Spells: 6/17 levels left

rFire    . . .     SeeInvis +   m - +4 dagger (venom)
rCold    . . .     Faith    .   k - +0 buckler
rNeg     . . .     Spirit   .   b - +0 hat
rPois    +         Reflect  .   e - amulet of regeneration
rElec    .         Harm     .   u - ring of see invisible
rCorr    .         Rampage  .   q - ring of poison resistance
Will     .....                  (no ring)
Stlth    ++++......             (no ring)
HPRegen  0.59/turn              (no ring)
MPRegen  0.14/turn              (no ring)
                                (no ring)
                                (no ring)

@: gold aura
A: almost no armour, stealthy swim, amphibious, 8 rings, constrict 8, camouflage
1, gelatinous body 1
a: Renounce Religion, Potion Petition, Call Merchant, Bribe Branch


You were on level 9 of the Dungeon.
You worshipped Gozag.
Gozag was pleased with you.
You visited 2 branches of the dungeon, and saw 10 of its levels.
You also visited: Sewer.

You collected 1231 gold pieces.
You spent 160 gold pieces at shops.
You paid 126 gold pieces to Gozag.

Inventory:

Hand Weapons
 j - a +0 hunting sling
 m - a +4 dagger of venom (weapon)
Missiles
 i - 263 stones
 K - 4 boomerangs of dispersal
Armour
 b - a +0 hat (worn)
 k - a +0 buckler (worn)
 C - a +0 kite shield
Magical Staves
 x - an uncursed staff of air
Jewellery
 e - an amulet of regeneration (around mantle)
 o - an uncursed amulet of guardian spirit
 q - a ring of poison resistance (right tentacle)
 u - a ring of see invisible (left tentacle)
 H - an uncursed ring of stealth {unknown}
Wands
 w - a wand of acid (6)
 A - a wand of digging (4)
 I - a wand of paralysis (12)
Scrolls
 g - 5 scrolls of remove curse
 l - 6 scrolls of fear
 n - 5 scrolls of fog
 t - 5 scrolls of teleportation
 v - a scroll of immolation {unknown}
 y - a scroll of vulnerability {unknown}
 z - 2 scrolls of amnesia
 B - a scroll of noise {unknown}
 E - a scroll of torment {unknown}
 F - a scroll of brand weapon {unknown}
 G - a scroll of blinking {unknown}
 J - a scroll of random uselessness {unknown}
 L - a scroll of identify
Potions
 a - 3 potions of invisibility {unknown}
 c - a potion of degeneration {unknown}
 d - a potion of mutation {unknown}
 f - 2 potions of heal wounds {unknown}
 h - 3 potions of curing
 p - a potion of attraction {unknown}
 r - 7 potions of flight
 s - 2 potions of brilliance
 D - a potion of lignification {unknown}
 M - a potion of ambrosia {unknown}


   Skills:
 - Level 4.0 Fighting
 - Level 4.0 Short Blades
 - Level 4.0 Dodging
 - Level 5.0 Stealth
 - Level 7.0 Shields
 + Level 4.5 Spellcasting
 - Level 4.0 Conjurations
 - Level 3.0 Summonings
 - Level 1.0 Translocations
 - Level 3.0 Fire Magic
 - Level 3.0 Air Magic
 - Level 2.0 Poison Magic


You had 6 spell levels left.
You knew the following spells:

 Your Spells              Type           Power        Failure   Level
a - Magic Dart            Conj           76%          2%          1
b - Call Imp              Summ           15%          6%          2
c - Mephitic Cloud        Conj/Pois/Air  15%          12%         3
d - Conjure Flame         Conj/Fire      17%          10%         3
e - Blink                 Tloc           N/A          13%         2

Your spell library contained the following spells:

 Spells                   Type           Power        Failure   Level
 Slow                     Hex            4%           21%         2


Dungeon Overview and Level Annotations

Branches:
Dungeon (9/15)             Temple (1/1) D:7           Sewer (visited)
   Lair: D:8-11         Orc: D:9-12

Altars:
Dithmenos
Elyvilon
Gozag
Hepliaklqana
Kikubaaqudgha
Nemelex Xobeh
Okawaru
Qazlal
Ru
Trog
Uskayaw
Vehumet
Xom
Yredelemnul
The Shining One

Shops:
D:4 *

Annotations:
D:2 1 runed translucent door, Crazy Yiuf


Innate Abilities, Weirdness & Mutations

You cannot wear most types of armour.
You are very stealthy in the water. (Stealth+)
You are amphibious.
You can wear up to eight rings at the same time.
You can use your tentacles to constrict eight enemies at once.
Your skin changes colour to match your surroundings (Stealth+).
Your rubbery body absorbs attacks. (AC +1, EV +1)


Message History

The troll claws your crimson imp!
Your crimson imp dies!
Your shadow imp hits the worker ant.
The worker ant becomes distracted by the nearby gold, dreaming of imaginary riches.
You hit the worker ant but do no damage.
The worker ant is no longer distracted by gold.
The worker ant is moderately wounded.
You constrict the worker ant, but do no damage.
Your shadow imp hits the worker ant.
The worker ant barely misses you.
The two-headed ogre shouts in stereo!
You hit the worker ant.
You kill the worker ant!
Casting: Call Imp (safe; 6% risk of failure)
Confirm with . or Enter, or press ? or * to list all spells.
A beastly little devil appears in a puff of flame.
The troll bites you! The troll claws you!
* * * LOW HITPOINT WARNING * * *
The troll claws you!
You die...
Your body crumbles into a pile of gold.

.......######..._...#####.....###
............>..♣.................
.......#.....#)..#########....###
...###...###..#### #....# .###
##..# ##.### ##....# ## #..#
#...## #.....# #... ###.5#
#.....# #.## ##$## #.....# #.
#@5# ##.....# #. ##T######..#.###
#.O....5.##.# #####B..###.# $
#.....###.# #.###o§##.# ...
##BT#.# ..## ##B... .. $ ..P..


You could see a two-headed ogre (very poisoned), a troll, a friendly crimson imp
(summoned) and a friendly shadow imp (summoned).

Vanquished Creatures
  A two-headed ogre (D:9)
  A yak (D:9)
  Duvessa (D:4)
  2 orc warriors
  2 ice beasts
  3 ogres
  4 big kobolds
  2 bullfrogs (D:6)
  A wyvern skeleton (D:9)
  Dowan (D:4)
  A scorpion (D:7)
  A killer bee (D:9)
  5 orc wizards
  2 orc priests
  An iguana (D:5)
  8 worker ants
  A hound skeleton (D:8)
  7 adders
  A shadow imp (D:7)
  A white imp (D:8)
  3 oozes
  2 adder skeletons
  4 worms
  2 dart slugs (D:1)
  3 leopard geckos
  7 orcs
  5 ball pythons
  7 giant cockroaches
  9 goblins
  9 hobgoblins
  6 jackals
  6 quokkas
  13 bats
  6 frilled lizards
  12 kobolds
  A quokka skeleton (D:5)
  8 rats
149 creatures vanquished.

Vanquished Creatures (collateral kills)
  A sky beast (D:6)
  A black bear (D:9)
  2 killer bees (D:9)
  A hound (D:7)
  A jelly (D:6)
  A quasit (D:6)
  2 orc wizards (D:6)
  A worker ant (D:5)
  Robin (D:4)
  A worker ant zombie (D:5)
  A howler monkey skeleton (D:5)
  A shadow imp (D:5)
  2 oozes (Sewer)
  2 leopard geckos
  6 orcs
  6 goblins (D:4)
  3 hobgoblins (D:4)
  2 jackals (D:4)
  A ball python (Sewer)
  2 frilled lizards
  2 kobolds
40 creatures vanquished.

Vanquished Creatures (others)
  11 fungi (D:9)
  7 plants (D:9)
18 creatures vanquished.

Grand Total: 207 creatures vanquished

Notes
Turn   | Place    | Note
-------+----------+-------------------------------------------
     0 | D:1      | thiole the Octopode Hedge Wizard began the quest for the
                  | Orb.
     0 | D:1      | Reached XP level 1. HP: 11/11 MP: 4/4
   254 | D:1      | Reached XP level 2. HP: 14/17 MP: 3/6
  1158 | D:2      | Reached XP level 3. HP: 18/22 MP: 0/7
  1182 | D:2      | Reached skill level 1 in Fighting
  1255 | D:2      | Learned a level 2 spell: Call Imp
  1651 | D:2      | Reached skill level 1 in Shields
  1704 | D:2      | Reached XP level 4. HP: 29/29 MP: 3/8
  1894 | D:2      | Found a runed translucent door.
  1895 | D:2      | Noticed Crazy Yiuf
  2170 | D:3      | Found a glowing drain.
  2178 | Sewer    | Entered a sewer
  2333 | Sewer    | Reached skill level 2 in Shields
  3014 | D:3      | Found an iron altar of Okawaru.
  3037 | D:3      | Reached XP level 5. HP: 34/34 MP: 4/9
  3539 | D:3      | Reached skill level 3 in Shields
  4139 | D:4      | You fall into a shaft and drop 3 floors!
  4141 | D:7      | Found a staircase to the Ecumenical Temple.
  4150 | Temple   | Entered the Ecumenical Temple
  4189 | Temple   | Became a worshipper of Gozag Ym Sagoz the Greedy
  4258 | D:7      | Noticed a big kobold
  4260 | D:7      | Noticed a big kobold
  4271 | D:7      | Noticed an ice beast
  4386 | D:7      | Killed a big kobold
  4387 | D:7      | Reached skill level 4 in Shields
  4407 | D:7      | Reached XP level 6. HP: 39/39 MP: 2/10
  4565 | D:7      | Reached skill level 1 in Air Magic
  4565 | D:7      | Reached skill level 1 in Poison Magic
  4772 | D:6      | Found a shadowy altar of Dithmenos.
  4874 | D:6      | Noticed a sky beast
  4926 | D:6      | Noticed an ice beast
  4945 | D:6      | Killed a sky beast
  4946 | D:6      | Reached XP level 7. HP: 29/45 MP: 0/12
  5337 | D:5      | Entered Level 5 of the Dungeon
  5864 | D:4      | Noticed Duvessa
  5887 | D:4      | Killed Duvessa
  5888 | D:4      | Noticed Dowan
  5902 | D:4      | Killed Dowan
  5903 | D:4      | Reached XP level 8. HP: 31/53 MP: 3/14
  6268 | D:4      | Reached skill level 5 in Shields
  6448 | D:4      | Noticed Robin
  6469 | D:4      | Killed Robin
  6583 | D:4      | Found Affatergh's Assorted Antiques.
  6586 | D:4      | Bought a scroll of identify for 40 gold pieces
  6586 | D:4      | Bought a scroll labelled NOISEDGH VOZIAKK for 20 gold
                  | pieces
  6586 | D:4      | Bought a scroll labelled GEONUTS DEORECK for 20 gold pieces
  6586 | D:4      | Bought a scroll of fog for 40 gold pieces
  6586 | D:4      | Bought a scroll labelled DICIXKUO KUKOI for 20 gold pieces
  6586 | D:4      | Bought a scroll labelled EDDE NIMOSHRAMM for 20 gold pieces
  6824 | D:4      | Learned a level 3 spell: Mephitic Cloud
  6828 | D:4      | Learned a level 3 spell: Conjure Flame
  6831 | D:4      | Learned a level 2 spell: Blink
  7266 | D:6      | Reached skill level 6 in Shields
  8585 | D:8      | Reached skill level 5 in Stealth
  8585 | D:8      | Reached skill level 7 in Shields
  9101 | D:9      | Reached XP level 9. HP: 50/58 MP: 15/15
  9128 | D:9      | Found a hide-covered altar of Uskayaw.
  9416 | D:9      | Noticed a two-headed ogre
  9417 | D:9      | Noticed a komodo dragon
  9448 | D:9      | Killed a two-headed ogre
  9618 | D:9      | Noticed a two-headed ogre
  9632 | D:9      | Noticed a troll
  9648 | D:9      | Slain by a troll

Illustrated notes

Levels and vault maps discovered:
D:1:      lemuel_arrival_room, layout_basic, columned_hall_lemuel
D:2:      layout_basic, uniq_crazy_yiuf_cottage
D:3:      layout_basic, lemuel_doored_altar, gup_sewer_entry_bubbles
D:4:      layout_basic, serial_shops, nicolae_shop_behind_doors, uniq_robin,
          uniq_duvessa
D:5:      layout_cave_pools
D:6:      layout_basic, nicolae_dithmenos_the_darkroom
D:7:      minmay_the_grid_triangle_9x9_recursive_2
          [minmay_the_grid_triangle_9x9_prize_special,
          minmay_the_grid_triangle_9x9_zippers_vertical,
          minmay_the_grid_triangle_9x9_windchime,
          minmay_the_grid_triangle_9x9_from_above], layout_loops_cross,
          minmay_temple_entry_junction_2
D:8:      layout_basic, minmay_unpleasant_kobolds
D:9:      layout_rooms, grunt_lair_entry_orc_guard_hut,
          hangedman_feature_mirror, evilmike_butchery
Temple:   compressed_dpeg_circular_temple

Skill      XL: |  1  2  3  4  5  6  7  8  9 |
---------------+----------------------------+-----
Conjurations   | 2 4 |  4.0
Summonings     | 2 3 |  3.0
Fighting       | 1 2 3 4 |  4.0
Shields        | 1 2 4 7 |  7.0
Air Magic      | 2 3 |  3.0
Poison Magic   | 2 |  2.0
Spellcasting   | 4 |  4.5
Stealth        | 5 |  5.0
Fire Magic     | 2 3 |  3.0
Short Blades   | 4 |  4.0
Dodging        | 4 |  4.0
Translocations | |  1.0

Action                   |  1- 3 |  4- 6 |  7- 9 || total
-------------------------+-------+-------+-------++-------
Melee: Dagger            |    30 |    70 |   199 ||   299
       Constrict         |     9 |    14 |    42 ||    65
       Tentacles         |     6 |    10 |    33 ||    49
 Cast: Magic Dart        |    66 |   100 |    58 ||   224
       Call Imp          |     4 |    27 |   107 ||   138
       Mephitic Cloud    |       |       |     2 ||     2
  Use: Scroll            |       |     5 |     6 ||    11
 Stab: Sleeping          |     1 |     5 |    10 ||    16
       Distracted        |       |       |     3 ||     3
       Confused          |       |       |     1 ||     1
Armor: Skin              |     3 |    11 |     8 ||    22
Dodge: Dodged            |    21 |    45 |    84 ||   150
Block: Buckler           |       |    14 |    40 ||    54
